 Dungeon Crawl Stone Soup version 0.32-a0-999-gfa1cc04b1d (webtiles) character file.

Game seed: 18219373909828603973

903 jasper the Ruffian (level 8, -8/74 HPs)
             Began as a Naga Fighter on Apr 24, 2024.
             Was an Initiate of Makhleb.
             Killed by nerve-wracking pain
             ... invoked by a shadow imp
              (14 damage)
             ... on level 5 of the Dungeon.
             The game lasted 00:06:40 (4370 turns).

jasper the Ruffian (Naga Fighter)                   Turns: 4370, Time: 00:06:40

Health: -8/74      AC:  8    Str: 21    XL:     8   Next: 7%
Magic:  8/8        EV:  2    Int:  9    God:    Makhleb [......]
Gold:   197        SH:  4    Dex: 10    Spells: 7/7 levels left

rFire   . .          .
                       - Unarmed
rCold   . . .        b - +0 buckler
rNeg    . . .        g - +0 plate armour
rPois   +            (no helmet)
rElec   .            (no cloak)
rCorr   .            (no gloves)
SInv    +            (no barding)
Will    +....        (no amulet) Stlth
                     (no ring)
HPRegen 0.32/turn    (no ring)
MPRegen 0.11/turn

%: no passive effects
@: very slow
A: AC +2, large, see invisible, deformed body, poison resistance, slowness 2,
spit poison 1, naga tail 1
a: Spit Poison, Renounce Religion


You were on level 5 of the Dungeon.
You worshipped Makhleb.
Makhleb was noncommittal.
You visited 2 branches of the dungeon, and saw 6 of its levels.

You collected 197 gold pieces.

Inventory:

Missiles
 d - 45 stones
 e - 9 boomerangs (quivered)
 n - a throwing net
Armour
 a - a +0 scale mail
 b - a +0 buckler (worn)
 g - a +0 plate armour (worn)
Jewellery
 h - a ring of fire
Talismans
 i - a maw talisman
Wands
 c - a wand of flame (17)
Scrolls
 j - a scroll of poison
 l - a scroll of butterflies
 q - 2 scrolls of teleportation
Potions
 f - a potion of curing
 m - a potion of ambrosia
 o - a potion of attraction {unknown}
 p - a potion of mutation {unknown}
 s - a potion of enlightenment {unknown}


   Skills:
 + Level 5.2 Fighting
 - Level 2.4 Armour
 + Level 4.8 Shields
 * Level 6.6 Unarmed Combat


You had 7 spell levels left.
You didn't know any spells.
Your spell library was empty.

Dungeon Overview and Level Annotations

Branches:
Dungeon (5/15)             Temple (1/1) D:4

Altars:
Ashenzari
Cheibriados
Dithmenos
Elyvilon
Gozag
Hepliaklqana
Kikubaaqudgha
Makhleb
Okawaru
Qazlal
Ru
Sif Muna
Trog
Uskayaw
Vehumet
Xom
Yredelemnul
Zin


Innate Abilities, Weirdness & Mutations

Your serpentine skin is tough. (AC +2)
You have supernaturally acute eyesight. (SInv)
Armour fits poorly on your strangely shaped body.
Your system is resistant to poisons. (rPois)
You cover ground very slowly.
You can spit poison.
You have a snake-like lower body.


Message History

The ufetubus hits you but does no damage.
You block the ufetubus's attack.
You take 8 damage, and have 1/74 hp.
You feel better.
The ufetubus hits you but does no damage.
The ufetubus hits you.
* * * LOW HITPOINT WARNING * * *
The shadow imp completely misses you.
You regained 4 hp, and now have 5/74 hp.
The ufetubus hits you.
* * * LOW HITPOINT WARNING * * *
The ufetubus hits you but does no damage.
Aiming: Spit Poison (1% risk of failure)
Press: ? - help, Shift-Dir - straight line, f - ufetubus
Aim: an ufetubus (43% to hit)
The splash of poison hits the ufetubus.
The ufetubus is moderately wounded.
The ufetubus hits you but does no damage. x2
You hit the shadow imp but do no damage.
You hit the shadow imp.
The shadow imp is lightly wounded.
You block the shadow imp's attack.
You hit the shadow imp but do no damage.
The shadow imp is lightly wounded.
The shadow imp hits you but does no damage.
You punch the shadow imp!
The shadow imp is severely wounded.
The shadow imp hits you.
* * * LOW HITPOINT WARNING * * *
You take 1 damage, and have 5/74 hp.
You closely miss the shadow imp.
The shadow imp is severely wounded.
You have got your breath back.
The shadow imp summons a swarm of flies.
The shadow imp hits you but does no damage.
You hit the shadow imp.
The shadow imp is almost dead.
The shadow imp gestures at you. Pain shoots through your body!
You die...

##### ##...##
###.....#
.......# '
#.....# #.5.#
#5# #@# #)# #
#.# ##. ##.##
#... ##...##
.....#####.....#
...............#
.....##'##.....#
#.. #.###...##


You could see a shadow imp and an ufetubus.

Vanquished Creatures
  2 ice beasts (D:5)
  A black bear (D:5)
  A scorpion (D:5)
  Dowan (D:4)
  3 electric eels (D:4)
  A gnoll bouda (D:5)
  An orc priest (D:5)
  A hound (D:5)
  3 iguanas
  An orc wizard (D:5)
  4 adders
  A white imp (D:5)
  3 ribbon worms
  2 dart slugs
  8 orcs
  10 ball pythons
  4 bats
  6 endoplasms
  2 giant cockroaches
  4 goblins
  3 hobgoblins
  4 jackals (D:1)
  8 kobolds
  A quokka (D:2)
  2 frilled lizards
  6 rats
83 creatures vanquished.

Vanquished Creatures (others)
  Duvessa (D:4)
1 creature vanquished.

Grand Total: 84 creatures vanquished

Notes
Turn   | Place    | Note
-------+----------+-------------------------------------------
     0 | D:1      | jasper the Naga Fighter began the quest for the Orb.
     0 | D:1      | Reached XP level 1. HP: 21/21 MP: 1/1
   285 | D:1      | Reached XP level 2. HP: 25/28 MP: 2/2
  1028 | D:1      | Reached XP level 3. HP: 11/34 MP: 3/3
  1143 | D:2      | Reached skill level 3 in Unarmed Combat
  1376 | D:2      | Reached XP level 4. HP: 42/42 MP: 4/4
  1527 | D:2      | Found a faded altar of an unknown god.
  1631 | D:2      | You fall into a shaft and drop 2 floors!
  2245 | D:3      | Found a white marble altar of Elyvilon.
  2290 | D:3      | Found a sacrificial altar of Ru.
  2830 | D:4      | Reached XP level 5. HP: 38/50 MP: 5/5
  3050 | D:4      | Noticed Duvessa
  3050 | D:4      | Noticed Dowan
  3061 | D:4      | Killed Duvessa
  3062 | D:4      | Reached skill level 4 in Unarmed Combat
  3067 | D:4      | Killed Dowan
  3068 | D:4      | Reached XP level 6. HP: 10/57 MP: 6/6
  3282 | D:4      | Found a staircase to the Ecumenical Temple.
  3289 | Temple   | Entered the Ecumenical Temple
  3302 | Temple   | Became a worshipper of Makhleb the Destroyer
  3403 | D:4      | Found a transporter.
  3417 | D:4      | Found a transporter.
  3686 | D:4      | Reached skill level 5 in Unarmed Combat
  3794 | D:5      | Entered Level 5 of the Dungeon
  3835 | D:5      | Reached XP level 7. HP: 26/66 MP: 7/7
  4080 | D:5      | Found a bloodstained altar of Trog.
  4084 | D:5      | Found a snail-covered altar of Cheibriados.
  4164 | D:5      | Reached skill level 6 in Unarmed Combat
  4171 | D:5      | Reached skill level 5 in Fighting
  4335 | D:5      | Reached XP level 8. HP: 58/74 MP: 8/8
  4361 | D:5      | HP: 1/74 [shadow imp (4)]
  4370 | D:5      | Killed from afar by a shadow imp

Illustrated notes

Levels and vault maps discovered:
D:1:      sevenhm_arrival_forest_fort_small_4, layout_loops_corners,
          minmay_split_cup_large
D:2:      layout_rooms, shapermc_ecumenical_altar_pompeii,
          minmay_shallow_snake_nest
D:3:      layout_loops_corners, general_overflow_altar,
          nicolae_elyvilon_temple_path, serial_bayou_ford_a, hex_large
D:4:      gammafunk_steamed_eel, layout_basic, minmay_temple_entry_junction,
          serial_aquarium, aquarium_bridge_square [aquarium_subvault_window,
          aquarium_subvault_bridge, aquarium_subvault_bridge,
          aquarium_subvault_wall], aquarium_bridge_straight
          [aquarium_subvault_bridge, aquarium_subvault_window,
          aquarium_subvault_bridge, aquarium_subvault_wall], aquarium_window_2,
          aquarium_window_1, aquarium_view_2d, uniq_duvessa
D:5:      minmay_octagon_keep, layout_basic, nicolae_overflow_squiral,
          serial_shops, shop
Temple:   nicolae_temple_ecumenical_triangle

Skill      XL: |  1  2  3  4  5  6  7 |
---------------+----------------------+-----
Shields        | 3 4 |  4.8
Unarmed Combat | 3 4 5 6 |  6.6
Fighting       | 4 5 |  5.2
Armour         | |  2.4

Action                     |  1- 3 |  4- 6 |  7- 9 || total
---------------------------+-------+-------+-------++-------
  Melee: Unarmed           |   114 |   149 |    89 ||   352
  Throw: Boomerang         |    23 |     7 |     3 ||    33
Ability: Spit Poison       |    12 |    11 |     7 ||    30
  Evoke: Wand              |       |     4 |       ||     4
    Use: Scroll            |       |     8 |     1 ||     9
         Potion            |       |     2 |     3 ||     5
 Armour: Scale mail        |   113 |    15 |       ||   128
         Plate armour      |       |   133 |   124 ||   257
  Dodge: Dodged            |    48 |    21 |     7 ||    76
  Block: Buckler           |    20 |    22 |    26 ||    68

Table legend: (Time is in decaauts)
 A = Elapsed time spent in this place.
 B = Non-inter-level travel time spent in this place.
 C = Inter-level travel time spent in this place.
 D = Time resting spent in this place.
 E = Time spent auto-exploring this place.
 F = Levels seen in this place.
 G = Mean time per level.
                   A        B        C        D        E       F      G
               +--------+--------+--------+--------+--------+-----+--------+
         Total |   5493 |   5220 |    273 |    485 |   3685 |   6 |  915.5 |
       Dungeon |   5462 |   5212 |    250 |    485 |   3685 |   5 | 1092.4 |
        Temple |     30 |      8 |     22 |      0 |      0 |   1 |   30.0 |
               +--------+--------+--------+--------+--------+-----+--------+

Top non-repeatable levels by time:
     D:1: 1432 daAuts
     D:3: 1372 daAuts
     D:4: 1197 daAuts
     D:2: 925 daAuts
     D:5: 535 daAuts
  Temple: 30 daAuts
